Cogmind - Beta 16 *** ADVENTURER MODE // 2025.11.12 @ 13:14:54 Player: CaptainWalker Result: Destroyed by RV-13Z(R) with Subdweller Beam Cannon Performance ------------- Evolutions (0) 0 Regions Visited (2) 400 Robots Destroyed (22) 110 Value Destroyed (379) 379 Prototype IDs (1) 20 Alien Tech Used (0) 0 Bonus (0) 0 TOTAL SCORE: 909 Bonus ------- None Cogmind --------- Core Integrity 0/250 Matter 260/300 Energy 158/160 System Corruption 0% Temperature Cool (22) Movement Walking (190) Ox1 Location -10/Subcaves Parts ------- > --- POWER (1) -------- Light Nuclear Core > --- PROPULSION (2) --- Aluminum Leg > --- UTILITY (2) ------ Small Storage Unit Improved Terrain Scanner > --- WEAPON (2) ------- (None) > --- INVENTORY (8) ---- Ion Engine Heavy Ion Engine Improved Heat Sink Peak State ------------ > --- POWER ------------ Light Nuclear Core > --- PROPULSION ------- Aluminum Leg Aluminum Leg > --- UTILITY ---------- Small Storage Unit Improved Terrain Scanner > --- WEAPON ----------- Particle Gun Light Assault Rifle > --- INVENTORY -------- Ion Engine Mining Laser [Rating: 12] Favorites ----------- Power Light Nuclear Core Engine Ion Engine Power Core Light Nuclear Core Propulsion Aluminum Leg Leg Aluminum Leg Utility Small Storage Unit Device Improved Terrain Scanner Storage Small Storage Unit Weapon Light Assault Rifle Energy Gun Particle Gun Ballistic Gun Light Assault Rifle Special Weapon Mining Laser Build | -11 -10 -10 ------- Run | Yrd Mat Sub Slots Evolved . | . . . Power . | . . . Propulsion . | . . . Utility . | . . . Weapon . | . . . Parts Attached 15 | 7 8 . Power 4 | 1 3 . Engine 3 | 1 2 . Core 1 | . 1 . Reactor . | . . . Propulsion 3 | 2 1 . Treads . | . . . Leg 3 | 2 1 . Wheel . | . . . Hover . | . . . Flight . | . . . Utility 2 | 2 . . Device 1 | 1 . . Storage 1 | 1 . . Processor . | . . . Hackware . | . . . Protection . | . . . Artifact . | . . . Weapon 6 | 2 4 . Energy Gun 1 | . 1 . Energy Cannon . | . . . Ballistic Gun 4 | 2 2 . Ballistic Cannon . | . . . Launcher . | . . . Special Weapon 1 | . 1 . Impact Weapon . | . . . Slashing Weapon . | . . . Piercing Weapon . | . . . Special Melee Weapon . | . . . Unidentified Prototypes 1 | . 1 . Parts Lost 3 | . . 3 Power . | . . . Propulsion 1 | . . 1 Utility . | . . . Weapon 2 | . . 2 Highest Loss Streak 3 | . . 3 To Critical Strikes 1 | . . 1 Average Backups 2 | 1 2 3 Power 1 | 1 1 2 Propulsion . | . . . Utility . | . . 1 Weapon . | . . . Tool/Special . | . . . Unused Backups 3 | . 1 2 Power 1 | . . 1 Propulsion . | . . . Utility 1 | . . 1 Weapon 1 | . 1 . Tool/Special . | . . . Average Slot Usage (%) 99 | . 100 97 Engine 4 | . 4 . Core 9 | . 9 14 Leg 28 | . 28 28 Device 14 | . 14 14 Storage 14 | . 14 14 Energy Gun 7 | . 6 11 Ballistic Gun 19 | . 20 14 Peak Build Rating 12 | 9 12 12 Average Rating 10 | 5 10 11 On Entrance 7 | . 9 12 Avg Prop Armor Cover (%) . | . . . Naked Turns . | . . . Heaviest Build 17 | 14 17 15 Greatest Support 20 | 20 20 20 Greatest Overweight (x) 1 | . . 1 Average Overweight (x) . | . . . Largest Inventory Capacity 8 | 8 8 8 Average Capacity 7 | 7 8 8 Most Carried 6 | 4 6 3 Average Carried 2 | 1 2 3 Final Capacity 8 | 8 8 8 Final Carried 3 | 1 3 3 Class Distribution -------------------- 60% | Scavenger-Mutant 39% | Mutant Dominant Class ---------------- Scavenger-Mutant | -10/Materials Scavenger-Mutant | -10/Subcaves Resources | -11 -10 -10 ----------- Run | Yrd Mat Sub Matter Collected 496 | 297 199 . Remotely . | . . . Salvage Created 649 | 127 500 22 Parts 46 | 15 29 2 Haulers Intercepted . | . . . Recyclers Shooed 2 | . 2 . Parts Field Recycled . | . . . Retrieved Matter . | . . . Parts Self-Destructed . | . . . Prevented . | . . . Parts Restored . | . . . Kills | -11 -10 -10 ------- Run | Yrd Mat Sub Combat Hostiles Destroyed 13 | . 12 1 Guns 13 | . 12 1 Classes Destroyed 7 | 2 4 1 Worker 3 | 2 1 . Tunneler 3 | 3 . . Recycler 1 | . 1 . Watcher 2 | . 2 . Swarmer 6 | . 6 . Grunt 6 | . 6 . Subdweller 1 | . . 1 Best Kill Streak 7 | 3 7 1 Combat Bots Only 6 | . 6 1 Max Kills in Single Turn 2 | 1 2 1 Gunslinging 1 | . 1 . Exploded . | . . . Melee . | . . . Uniques/NPCs Destroyed . | . . . Combat | -11 -10 -10 -------- Run | Yrd Mat Sub Hostile Shots Fired 98 | . 66 32 Missed 34 | . 25 9 Hits 64 | . 41 23 Projectile 64 | . 41 23 Critical Strikes 3 | . 2 1 Damage Taken 811 | . 334 477 Core 253 | . 98 155 Absorbed by Shields . | . . . Ignored by Resistances 240 | . 108 132 Core Remaining (%) 100 | 100 . . Volleys Fired 75 | 9 47 19 Largest 2 | 2 2 2 Hottest 120 | 40 120 85 Shots Fired 134 | 18 87 29 Gun 132 | 18 85 29 Cannon . | . . . Launcher . | . . . Special 2 | . 2 . Kinetic 107 | 18 70 19 Thermal 27 | . 17 10 Explosive . | . . . Electromagnetic . | . . . Robot Hit Streak 22 | 11 17 22 Robot Miss Streak 2 | . 2 1 Penetration Max . | . . . Secondary Targets 4 | . 3 1 Max Gunslinging Chain 1 | . 1 1 Shots Hit Robots 95 | 11 56 28 Core Hits 46 | 7 31 8 Critical Kills 1 | . 1 . Critical Parts Destroyed . | . . . Critical Strikes 2 | . 1 1 Burn 1 | . . 1 Destroy 1 | . 1 . Melee Attacks . | . . . Impact . | . . . Slashing . | . . . Piercing . | . . . Sneak Attacks . | . . . Combat Hostiles . | . . . Follow-up Attacks . | . . . Damage Inflicted 1060 | 122 643 295 Guns 1012 | 122 595 295 Cannons . | . . . Explosions . | . . . Melee . | . . . Ramming . | . . . Kinetic 669 | 122 402 145 Thermal 391 | . 241 150 Explosive . | . . . Electromagnetic . | . . . Impact . | . . . Slashing . | . . . Piercing . | . . . Highest Corruption . | . . . Average Corruption . | . . . Corruption Purged . | . . . Corruption Blocked . | . . . Overload Shots . | . . . Overflow Damage . | . . . Projectiles . | . . . Explosions . | . . . Melee . | . . . Knockbacks . | . . . Impact . | . . . Kinetic . | . . . Secondary . | . . . Self-Inflicted Damage . | . . . Shots . | . . . Rammed . | . . . Targets Rammed . | . . . Kicked . | . . . Crushed . | . . . Highest Temperature 228 | . 228 28 Average Temperature 50 | . 58 10 Received Heat Transfer 399 | . 219 180 Siege Activations . | . . . Martial Activations . | . . . Shielding Activations . | . . . Robots Disrupted . | . . . Combat Hostiles . | . . . Robots Corrupted . | . . . Combat Hostiles . | . . . Parts Fried . | . . . Impact Corruptions . | . . . Robots Melted . | . . . Combat Hostiles . | . . . Parts Melted 1 | . . 1 Heat Transferred 988 | . 544 444 Parts Sabotaged . | . . . Parts Stolen . | . . . Parts Stripped . | . . . Power Chain Reactions . | . . . Alert | -11 -10 -10 ------- Run | Yrd Mat Sub Maximum Alert Level . | . . . Low Security (%) 100 | 100 100 . Level 1 . | . . . Level 2 . | . . . Level 3 . | . . . Level 4 . | . . . Level 5 . | . . . High Security . | . . . Max Security . | . . . Peak Influence 137 | 10 137 . Initial . | . . . Average 31 | 1 35 . Influence Increases 360 | 25 335 . Destroy 0b10 Robot/C 240 | . 240 . Destroy 0b10 Robot/NC 45 | 25 20 . Destroy Leader 44 | . 44 . Successful Hack 16 | . 16 . Lose Combat Pursuer 15 | . 15 . Influence Decreases 360 | 25 335 . Time Decay 355 | 25 330 . Purge Threat 5 | . 5 . Squads Dispatched 1 | . 1 . Investigation 1 | . 1 . Extermination . | . . . Reinforcement . | . . . Assault . | . . . Garrison . | . . . Intercept . | . . . Searches Triggered . | . . . Construction Impeded . | . . . Haulers Reinforced . | . . . Active Scanning Responses . | . . . Cargo Convoy Interrupts . | . . . Stealth | -11 -10 -10 --------- Run | Yrd Mat Sub Distress Signals . | . . . Communications Jammed . | . . . Distress Signals . | . . . Times Spotted 30 | . 19 11 Peak Tracking Total 11 | . 4 11 Tactical Retreats 1 | . 1 . Traps | -11 -10 -10 ------- Run | Yrd Mat Sub Traps Triggered 1 | . 1 . Indirectly . | . . . Trap Hack Attempts . | . . . Triggered . | . . . Disarmed . | . . . Reprogrammed 3 | . 3 . Reused . | . . . Traps Extracted . | . . . Installed . | . . . Triggered . | . . . Machines | -11 -10 -10 ---------- Run | Yrd Mat Sub Machines Disabled 1 | . 1 . Max in Single Turn 1 | . 1 . Machines Repaired . | . . . Machines Dismantled . | . . . Machines Sabotaged . | . . . Overloaded Fab Kills . | . . . Hacking | -11 -10 -10 --------- Run | Yrd Mat Sub Machines Accessed 6 | . 6 . Terminals 6 | . 6 . Fabricators . | . . . Repair Stations . | . . . Recycling Units . | . . . Scanalyzers . | . . . Garrison Access . | . . . Total Hacks 12 | . 12 . Successful 6 | . 6 . Failed 6 | . 6 . Catastrophic . | . . . Database Lockouts . | . . . Manual . | . . . Terminals 12 | . 12 . Fabricators . | . . . Repair Stations . | . . . Recycling Units . | . . . Scanalyzers . | . . . Garrison Access . | . . . Terminal Hacks 6 | . 6 . Unreport Threat 1 | . 1 . Locate Traps 1 | . 1 . Reprogram Traps 1 | . 1 . Dispatch Records 1 | . 1 . Zone Layout 2 | . 2 . Fabricator Hacks . | . . . Repair Station Hacks . | . . . Recycling Unit Hacks . | . . . Scanalyzer . | . . . Garrison Access Hacks . | . . . Unauthorized Hacks . | . . . Terminals . | . . . Fabricators . | . . . Repair Stations . | . . . Recycling Units . | . . . Scanalyzers . | . . . Garrison Access . | . . . Data Cores Recovered . | . . . Used . | . . . Hacking Detections 3 | . 3 . Full Trace Events . | . . . Feedback Events . | . . . Feedback Blocked . | . . . Robot Schematics Acquired . | . . . Robots Built . | . . . Authchips . | . . . Time . | . . . Total Robot Build Rating . | . . . Part Schematics Acquired . | . . . Parts Built . | . . . Authchips . | . . . Time . | . . . Total Part Build Rating . | . . . Part Studies Acquired . | . . . Parts Repaired . | . . . Time . | . . . Parts Recycled . | . . . Recycled Matter . | . . . Retrieved Matter . | . . . Retrieved Components . | . . . Parts Scanalyzed . | . . . Part Schematics Acquired . | . . . Parts Damaged . | . . . Bothacking | -11 -10 -10 ------------ Run | Yrd Mat Sub Used RIF Installer . | . . . Robots Hacked . | . . . Non-combat . | . . . Combat . | . . . Robot Hacks Applied . | . . . Relay Couplers Released . | . . . Fabnet Peak Effective % . | . . . Robots Rewired . | . . . Allies Hacked . | . . . Hacks Repelled . | . . . Allies | -11 -10 -10 -------- Run | Yrd Mat Sub Total Allies . | . . . Largest Group . | . . . Highest-Rated Group . | . . . Highest-Rated Ally . | . . . Total Orders . | . . . Ally Attacks . | . . . Total Damage . | . . . Kills . | . . . Allies Corrupted . | . . . Allies Melted . | . . . Intel | -11 -10 -10 ------- Run | Yrd Mat Sub Active Infowar (turns) 1198 | 16 1089 93 Terrain 1198 | 16 1089 93 Robot Analysis Total . | . . . Derelict Logs Recovered . | . . . Drone Launches . | . . . Drone Recoveries . | . . . Exploration | -11 -10 -10 ------------- Run | Yrd Mat Sub Turns Passed 1346 | 164 1089 93 Spaces Moved 931 | 115 775 41 Core 20 | 20 . . Treads . | . . . Legs 911 | 95 775 41 Wheels . | . . . Hover . | . . . Flight . | . . . Fastest Speed 50 | 50 120 120 Average Speed 118 | 107 120 121 Slowest Speed 190 | 120 120 190 Overloaded Moves . | . . . Propulsion Burnouts . | . . . Robots Hopped . | . . . Potential Cave-ins . | . . . Cave-ins Triggered . | . . . Exploration Rate (%) 29 | 4 81 3 Regions Visited 2 Branch Regions 1 Pre-discovered Areas . | . . . Known Exits Taken . | . . . Unknown Exits Taken 2 | 1 1 . Scrap Searched . | . . . Spaces Dug . | . . . Terrain Destroyed . | . . . Melee . | . . . Projectile . | . . . AOE . | . . . Terrain Rammed . | . . . Walls Destroyed . | . . . Machines Disabled . | . . . Actions | -11 -10 -10 --------- Run | Yrd Mat Sub Total 1051 | 139 852 60 Wait 2 | 1 1 . Move 929 | 114 774 41 Hop . | . . . Pick Up 18 | 8 10 . Fast Attach . | . . . Attach 8 | 7 1 . Detach 1 | . 1 . Swap 10 | . 10 . Drop 8 | . 8 . Fire 75 | 9 47 19 Melee . | . . . Ram . | . . . Kick . | . . . Crush . | . . . Escape Stasis . | . . . Rewire . | . . . Trap . | . . . Miscellaneous . | . . . Route ------- -11/Scrapyard -10/Materials (discovered 5 exits: [*Mat x2] / [*Min x2] / [*Sub]) -10/Subcaves History --------- Turn | Location | Event 12 | -11/Scrapyard | Discovered new exit (range 15) 165 | -11/Scrapyard | Entered Materials 303 | -10/Materials | Build established: Mutant 303 | -10/Materials | Discovered new exit (range 12) 591 | -10/Materials | Discovered new exit (range 13) 833 | -10/Materials | Build established: Scavenger-Mutant 899 | -10/Materials | Discovered new exit (range 8) 1035 | -10/Materials | Discovered new exit (range 15) 1096 | -10/Materials | Discovered new exit (range 9) 1254 | -10/Materials | Entered Subcaves 1255 | -10/Subcaves | Approached by a straggling Scientist 1302 | -10/Subcaves | Ambushed by swarm of Subdwellers 1305 | -10/Subcaves | Ambushed by Subdwellers from Twisted Machinery 1305 | -10/Subcaves | Ambushed by Subdwellers from Twisted Machinery 1305 | -10/Subcaves | Ambushed by Subdwellers from Twisted Machinery 1305 | -10/Subcaves | Ambushed by Subdwellers from Twisted Machinery 1308 | -10/Subcaves | Core integrity fell below 50% 1344 | -10/Subcaves | Core integrity fell below 20% 1347 | -10/Subcaves | Destroyed by RV-13Z(R) with Subdweller Beam Cannon Last Messages --------------- 01328_ 48-98I(R) destroyed. 01328_ Critical hit (Destroy). 01328_ Particle Gun destroyed. 01328_ TG-V2T(g) suffers critical hit (Destroy). 01328_ TG-V2T(g) destroyed. 01331_ HV Slug penetrates RX-Q0J(R). 01331_ RX-Q0J(R) suffers critical hit (Destroy). 01331_ RX-Q0J(R) knocked back. 01334_ HV Slug penetrates RX-Q0J(R). 01334_ RX-Q0J(R) knocked back. 01335_ Subatomizers dissect the Wheel. 01335_ ZI-B8O(R) affixes Scrap Shield Fragment to Scrap Shield. 01336_ MB-5WC(h) destroyed. 01338_ 1V-N81(R) affixes Scrap Shield Fragment to Scrap Shield. 01344_ RX-Q0J(R) affixes Scrap Shield Fragment to Scrap Shield. 01344_ Aluminum Leg destroyed. 01346_ Lgt. Assault Rifle destroyed. Map ----- +----------------------------------------------------+ | | | | | | | | | | | | | | | ?????????????????????????????????????????????????? | | ?????????????????????????????????????????????????? | | ?????????????????????????#???????????????????????? | | ??????????????????#??????????#?#?????????????????? | | ???????????????????#?????????????????????????????? | | ?????????????????#?????????#?????????????????????? | | ???????????????????#?????????????????????????????? | | ???????????????#??????#?#?#????#?????????????????? | | ???????????????????????#?????????????????????????? | | ??????????????????????????????????????#??????????? | | ??????????????????????????#????????#?????????????? | | ????????????#??????#?????????????????????????????? | | ???????????????#????????#????????????????????????? | | ?????????????????#??#????????????????????????????? | | ???????????????????????????###?#?????????????????? | | #??????#???#?????????######;;#???????????????????? | | ##?????????????#### ###RR ##???????????????????? | | ##??????#####?# [!%**%%R! #??????#???#????????? | | ######## ###%[!!%%!R*@ #???????????????????? | | ## # ## !%%==[##!" #???????????????????? | | !%!!] * ###u" #????????#??????????? | | ! ![*=% #### """ #?#?#?????????? | | ###### # ## !%#####?# """"" ##?????????????? | | ?????####### ##????# """ #?#????????????? | | ???????????####?????#"" "" ##??????????????? | | ???????????#???#????##"" ## ##???????????????? | | ?#???????????????????## #?# ##????????????????? | | ??????????????????????# ???###??#??????????????? | | ??????????????????????##? ???????????????????????? | | ?????????????????????????????#???????????????????? | | ?#???????????????????????????????????????????????? | | ?????????????????????????????????????????????????? | | ?????????????????????????????????????????????????? | | ?????????????????#???????????????????????????????? | | ?????????????????????????????????????????????????? | | ?????????????????????????????????????????????????? | | ?????????????????????????????????????????????????? | | ?????????????????????????????????????????????????? | | ?????????????????????????????????????????????????? | | ?????????????????????????????????????????????????? | | ?????????????????????????????????????????????????? | | ?????????????????????????????????????????????????? | | ?????????????????????????????????????????????????? | +----------------------------------------------------+ Best States ------------- Heat Dissipation 25 Energy Generation 14 Energy Capacity 250 Matter Stores 300 Matter Capacity 300 Sight Range 16 Terrain Scan Range 16 Terrain Scan Density 10 Resistance: KI 20 Resistance: TH 20 Resistance: EX 20 Resistance: EM 20 Resistance: I 20 Resistance: S 20 Resistance: P 20 Evasion (%) 55 Offensive Hacking 10 Item Schematics ----------------- None Robot Schematics ------------------ None Fabricated ------------ Nothing Repaired ---------- Nothing Studied --------- None Alien Tech Used ----------------- None Achievements -------------- Everything Is Under Control Challenges ------------ None Game ------ Seed AmuletWaveRedistributor Manual? 0 Play Time 00:15:23 Cumulative 1.2 hours Start 2025.11.12 @ 13:01:03 End 2025.11.12 @ 13:14:54 Sessions 1 Manual Loads 0 Difficulty Adventurer Special Mode None Game No. 3 Rogue -1 Adventurer 4 Explorer 0 Win Type - Total 0 Types 0/0/0/0/0/0/0/0/0/0 Lore% 0 Gallery% 3 Achievement% 4 Wizard Run 0 Options --------- Layout 1 ASCII 0 Keyboard 0 Movement Arrows Keybinds 0 Fullscreen 2 Font 18/SmallcapsGlow Map View 25x20 Zoom Use 99% Tactical HUD 1 Map Filters NONE Filters NONE Steam X RUN: c6f272cf-5169-45c5-a62b-0473d44387a5